 Dungeon Crawl Stone Soup version 0.29.1-1-gd02db6906a (webtiles) character file.

Game seed: 9803159729548460996

182 LustLizard the Sneak (level 5, -1/26 HPs)
             Began as a Spriggan Arcane Marksman on Sept 21, 2022.
             Succumbed to a kobold brigand's curare-tipped dart
             ... on level 2 of the Dungeon.
             The game lasted 00:07:27 (2900 turns).

LustLizard the Sneak (Spriggan Arcane Marksman)     Turns: 2900, Time: 00:07:28

Health: -1/26      AC:  2    Str:  6    XL:     5   Next: 34%
Magic:  8/8        EV: 17    Int: 15    God:
Gold:   34         SH:  0    Dex: 17    Spells: 5/6 levels left

rFire   . . .      SeeInvis +   a - +1 sling
rCold   . . .      Faith    .   (no shield)
rNeg    . . .      Spirit   .   c - +0 robe
rPois   .          Reflect  .   (helmet restricted)
rElec   .          Harm     .   (no cloak)
rCorr   .          Rampage  .   (gloves unavailable)
Will    .....                   (boots unavailable)
Stlth   +++.......              (no amulet)
HPRegen 0.08/turn               o - ring of flight
MPRegen 0.11/turn               (no ring)

@: lethally poisoned (-1 -> -12), flying, slowed, quick
A: very small, no large weapons, unfitting armour, see invisible, speed 3
a: no special abilities


You were on level 2 of the Dungeon.
You visited 1 branch of the dungeon, and saw 3 of its levels.

You collected 56 gold pieces.
You spent 22 gold pieces at shops.

Inventory:

Hand Weapons
 a - a +1 sling (weapon)
Armour
 c - a +0 robe (worn)
Jewellery
 m - an amulet of faith
 o - a ring of flight (left hand)
Scrolls
 b - a scroll of poison
 e - a scroll of fog {unknown}
 f - a scroll of teleportation {unknown}
 g - a scroll of vulnerability {unknown}
 k - a scroll of torment {unknown}
 l - a scroll of amnesia {unknown}
Potions
 d - a potion of invisibility {unknown}
 h - a potion of heal wounds
 i - a potion of might {unknown}
 j - a potion of magic
 n - a potion of curing {unknown}


   Skills:
 + Level 1.8 Fighting
 * Level 3.7 Ranged Weapons
 - Level 2.6 Dodging
 * Level 4.9 Stealth
 - Level 1.3 Spellcasting
 - Level 4.0 Hexes


You had 5 spell levels left.
You knew the following spells:

 Your Spells              Type           Power      Damage    Failure   Level
a - Slow                  Hex            52%        N/A       4%          1

Your spell library contained the following spells:

 Spells                   Type           Power      Damage    Failure   Level
 Dazzling Flash           Conj/Hex       14%        N/A       30%         3
 Inner Flame              Hex/Fire       7%         N/A       30%         3
 Portal Projectile        Hex/Tloc       14%        N/A       30%         3
 Cause Fear               Hex            6%         N/A       41%         4
 Silence                  Hex/Air        3%         N/A       96%         5
 Agony                    Necr           1%         N/A       100%        5


Dungeon Overview and Level Annotations

Branches:
Dungeon (3/15)

Altars:
Ru

Shops:
D:2 *

Annotations:
D:3 Grinder


Innate Abilities, Weirdness & Mutations

You are very small and have problems with some larger weapons.
You are too small for most types of armour.
You have supernaturally acute eyesight. (SInv)
You cover ground extremely quickly. (Speed+++)


Message History

You reach down and open the door.
There is an open door here.
You start resting.
A kobold brigand is nearby!
Fire: a) +1 sling
Press: ? - help, Q - select action, (/) - cycle Shift-Dir - straight line, f/p - kobold brigand
Aim: a kobold brigand, wielding a +0 short sword and quivering curare-tipped darts (lightly wounded, slow, 51% to hit)
You shoot a sling bullet.
The sling bullet hits the kobold brigand.
The kobold brigand is moderately wounded.
The kobold brigand throws a curare-tipped dart.
The curare-tipped dart completely misses you.
You start resting.
A kobold brigand is nearby!
Fire: a) +1 sling
Press: ? - help, Q - select action, (/) - cycle Shift-Dir - straight line, f/p - kobold brigand
Aim: a kobold brigand, wielding a +0 short sword and quivering curare-tipped darts (moderately wounded, slow, 51% to hit)
You shoot a sling bullet.
The sling bullet hits the kobold brigand but does no damage.
The kobold brigand is moderately wounded.
Fire: a) +1 sling
Press: ? - help, Q - select action, (/) - cycle Shift-Dir - straight line, f/p - kobold brigand
Aim: a kobold brigand, wielding a +0 short sword and quivering curare-tipped darts (moderately wounded, slow, 51% to hit)
You shoot a sling bullet.
The sling bullet hits the kobold brigand but does no damage.
The kobold brigand is moderately wounded.
Fire: a) +1 sling
Press: ? - help, Q - select action, (/) - cycle Shift-Dir - straight line, f/p - kobold brigand
Aim: a kobold brigand, wielding a +0 short sword and quivering curare-tipped darts (moderately wounded, slow, 51% to hit)
You shoot a sling bullet.
The sling bullet hits the kobold brigand but does no damage.
The kobold brigand is moderately wounded.
The kobold brigand throws a curare-tipped dart.
The curare-tipped dart hits you.
You are poisoned.
You have difficulty breathing.
* * * LOW HITPOINT WARNING * * *
You feel yourself slow down.
It was a potion of magic.
Magic courses through your body.
You die...

#.# #......###'## ###'#.######
#.# #......# #.# ##.#.# #.#
#......###.######....# #.#
#.........K#.......### #.#
#.##'####..#.####.##
#.###.#.....#..#.# #.#
##.....#.....#..#.# #.#
...##..#.....#..#.# #.#
...##..#.....+).@.# #.#
...##..#.K..<#.##.# #.#
..###..##....#.#######.########
..# #.....##.#.##.............#
..# #...(.##'#'##.####.######.#
#.# #...........#.# #.# #.#
#.####.#........#.####'### #.#
#........#.#....'.##.....####.#
#.......##.##...#.##.....'..#.#


You could see a kobold brigand (slow).

Vanquished Creatures
  A scorpion (D:2)
  An iguana (D:3)
  Terence (D:2)
  2 adders (D:2)
  A worm (D:2)
  2 dart slugs (D:2)
  An orc (D:3)
  3 ball pythons (D:2)
  3 bats
  3 endoplasms
  A giant cockroach (D:1)
  2 goblins
  6 hobgoblins
  4 jackals (D:3)
  2 frilled lizards (D:2)
  5 kobolds
  6 rats
44 creatures vanquished.

Notes
Turn   | Place    | Note
-------+----------+-------------------------------------------
     0 | D:1      | LustLizard the Spriggan Arcane Marksman began the quest for
                  | the Orb.
     0 | D:1      | Reached XP level 1. HP: 9/9 MP: 3/3
   131 | D:1      | Reached skill level 1 in Stealth
   232 | D:1      | Reached XP level 2. HP: 14/14 MP: 5/5
   271 | D:1      | Reached skill level 1 in Fighting
   845 | D:2      | Reached XP level 3. HP: 18/18 MP: 6/6
  1077 | D:2      | Found a faded altar of an unknown god.
  1091 | D:2      | Found a sacrificial altar of Ru.
  1163 | D:2      | Found Xykestrock's Assorted Antiques.
  1171 | D:2      | Bought a white potion for 22 gold pieces
  1679 | D:3      | Noticed Grinder
  1680 | D:3      | Paralysed by Grinder for 4 turns
  1680 | D:3      | Noticed a kobold brigand
  1683 | D:3      | Noticed a scorpion
  1993 | D:3      | Reached XP level 4. HP: 22/22 MP: 7/7
  2017 | D:3      | Noticed Terence
  2125 | D:2      | Killed Terence
  2421 | D:2      | Killed a scorpion
  2422 | D:2      | Reached XP level 5. HP: 26/26 MP: 5/8
  2504 | D:3      | Paralysed by Grinder for 3 turns
  2900 | D:2      | Succumbed to a kobold brigand's curare-tipped dart

Illustrated notes

Levels and vault maps discovered:
D:1:      reono_arrival_forest_river, layout_loops_ring, serial_park_tiny_2
D:2:      layout_basic, basic_altar, basic_ecumenical_altar, serial_shops,
          nicolae_shop_hallway_stairs, minmay_between
D:3:      layout_basic, kennysheep_okawaru_gauntlet,
          mainiacjoe_overflow_catwalk, minmay_strange_pillars, uniq_grinder,
          uniq_sigmund, uniq_terence

Skill      XL: |  1  2  3  4 |
---------------+-------------+-----
Stealth        | 1 2 3 4 |  4.9
Fighting       | 1 |  1.8
Hexes          | 4 |  4.0
Ranged Weapons | 3 |  3.7
Dodging        | |  2.6
Spellcasting   | |  1.3

Action                   |  1- 3 |  4- 6 || total
-------------------------+-------+-------++-------
 Fire: Sling             |   125 |    68 ||   193
 Cast: Slow              |    10 |    21 ||    31
  Use: Potion            |       |     2 ||     2
Armor: Robe              |     6 |       ||     6
Dodge: Dodged            |    25 |     9 ||    34
